 Dungeon Crawl Stone Soup version 0.21.1-1-g345015fe64 (webtiles) character file.

81 Ablot the Skirmisher (level 4, -1/41 HPs)
             Began as a Gnoll Wanderer on July 22, 2018.
             Slain by a gnoll
             ... wielding a +1 spear of piercing
              (3 damage)
             ... on level 4 of the Dungeon.
             The game lasted 00:04:07 (2430 turns).

Ablot the Skirmisher (Gnoll Wanderer)               Turns: 2430, Time: 00:04:07

Health: -1/41      AC:  2    Str: 13    XL:     4   Next: 40%
Magic:  5/5        EV: 12    Int: 16    God:
Gold:   124        SH:  0    Dex: 15    Spells: 5/5 levels left

rFire    . . .     SeeInvis .   a - +2 short sword
rCold    . . .     Gourm    .   (no shield)
rNeg     . . .     Faith    .   d - +0 robe
rPois    .         Spirit   .   (no helmet)
rElec    .         Reflect  .   (no cloak)
rCorr    .         Harm     .   (no gloves)
MR       .....                  (no boots)
Stlth    ++........             (no amulet)
HPRegen  0.13/turn              (no ring)
MPRegen  0.09/turn              (no ring)

@: no status effects
A: distributed training, fangs 1, strong nose
a: no special abilities


You were on level 4 of the Dungeon.
You were not hungry.

You visited 1 branch of the dungeon, and saw 4 of its levels.

You collected 124 gold pieces.

Inventory:

Hand Weapons
 a - a +2 short sword (weapon)
Missiles
 k - 6 poisoned needles
 l - 92 arrows
Armour
 d - a +0 robe (worn)
 o - a +3 ring mail
Scrolls
 c - 2 scrolls of teleportation
 g - 4 scrolls of remove curse {unknown}
 h - 6 scrolls of identify {unknown}
 n - a scroll of immolation {unknown}
 r - a scroll of magic mapping {unknown}
 s - a scroll of random uselessness {unknown}
Potions
 b - a potion of curing {unknown}
 e - 2 potions of flight {unknown}
 i - a potion of haste {unknown}
 j - a potion of cancellation {unknown}
 m - 2 potions of heal wounds {unknown}
 q - a potion of mutation {unknown}
Comestibles
 f - 5 rations
 p - a chunk of flesh


   Skills:
 + Level 6.6 Fighting
 + Level 4.6 Short Blades
 + Level 1.1 Long Blades
 + Level 1.1 Axes
 + Level 1.1 Maces & Flails
 + Level 1.1 Polearms
 + Level 1.1 Staves
 + Level 1.1 Slings
 + Level 1.1 Bows
 + Level 1.1 Crossbows
 + Level 2.7 Throwing
 + Level 1.1 Armour
 + Level 1.1 Dodging
 + Level 2.5 Stealth
 + Level 1.1 Shields
 + Level 1.1 Unarmed Combat
 + Level 1.1 Spellcasting
 + Level 0.8 Conjurations
 + Level 0.8 Hexes
 + Level 0.8 Charms
 + Level 0.8 Summonings
 + Level 0.8 Necromancy
 + Level 0.8 Translocations
 + Level 0.8 Transmutations
 + Level 0.8 Fire Magic
 + Level 3.8 Ice Magic
 + Level 0.8 Air Magic
 + Level 0.8 Earth Magic
 + Level 2.2 Poison Magic
 + Level 1.2 Invocations
 + Level 1.1 Evocations


You had 5 spell levels left.
You didn't know any spells.

Dungeon Overview and Level Annotations

Branches:
Dungeon (4/15)
 Temple: D:4-7

Altars:
Ashenzari

Annotations:
D:3 Natasha


Innate Abilities, Weirdness & Mutations

Your experience applies equally to all skills.
You have very sharp teeth.
Your uncanny sense of smell can sniff out nearby items.


Message History

You hit the worm.
The worm is almost dead.
The gnoll shouts!
You hear a shout!
You hear a bark!
The gnoll moves out of view.
You hear a shout!
A gnoll shaman comes into view. It is wielding a whip.
The gnoll shouts!
You hit the worm.
You kill the worm!
The gnoll hits you but does no damage.
A gnoll comes into view. It is wielding a halberd.
The gnoll moves out of view.
The gnoll hits you from afar with a spear of piercing.
* * * LOW HITPOINT WARNING * * *
x2 The gnoll shaman moves out of view.
The gnoll closely misses you.
A jackal comes into view.
A scorpion comes into view.
The gnoll hits you from afar with a spear of piercing.
You die...

#. ###. ## #. ..###.
#∆#.g #..#.# ∆
#.#..##%#..####
#.........s....
###...#g..#..#
...$..g......#####.#
#....<..g.@......#
##.........####...
#####.##### #.# #..
####


You could see a gnoll shaman, a scorpion and 2 gnolls.

Vanquished Creatures
  3 adders (D:2)
  3 worms
  A leopard gecko (D:3)
  2 ball pythons
  10 bats
  4 hobgoblins
  8 kobolds
  2 quokkas
  4 frilled lizards
  6 goblins
  3 rats (D:1)
46 creatures vanquished.

Notes
Turn   | Place    | Note
-------+----------+-------------------------------------------
     0 | D:1      | Ablot the Gnoll Wanderer began the quest for the Orb.
     0 | D:1      | Ablot set off with: a +2 short sword, a +0 falchion, a scroll of teleportation, a +0 robe, a ration
     0 | D:1      | Reached XP level 1. HP: 23/23 MP: 1/1
   150 | D:1      | Reached XP level 2. HP: 29/29 MP: 2/2
   826 | D:2      | Reached XP level 3. HP: 3/35 MP: 3/3
  1270 | D:2      | Reached skill level 1 in Invocations
  1644 | D:2      | Reached skill level 1 in Long Blades
  1644 | D:2      | Reached skill level 1 in Axes
  1644 | D:2      | Reached skill level 1 in Maces & Flails
  1644 | D:2      | Reached skill level 1 in Polearms
  1644 | D:2      | Reached skill level 1 in Staves
  1644 | D:2      | Reached skill level 1 in Slings
  1644 | D:2      | Reached skill level 1 in Bows
  1644 | D:2      | Reached skill level 1 in Crossbows
  1644 | D:2      | Reached skill level 1 in Armour
  1644 | D:2      | Reached skill level 1 in Dodging
  1644 | D:2      | Reached skill level 1 in Shields
  1644 | D:2      | Reached skill level 1 in Unarmed Combat
  1644 | D:2      | Reached skill level 1 in Spellcasting
  1644 | D:2      | Reached skill level 1 in Evocations
  1720 | D:2      | Found a shattered altar of Ashenzari.
  1886 | D:2      | Reached XP level 4. HP: 41/41 MP: 5/5
  1917 | D:2      | Found a faded altar of an unknown god.
  2407 | D:3      | Noticed Natasha
  2426 | D:4      | HP: 2/41 [gnoll/spear of piercing (2)]
  2430 | D:4      | Slain by a gnoll

Skill      XL: |  1  2  3 |
---------------+----------+-----
Poison Magic   | 2 |  2.2
Invocations    | 1 |  1.2
Long Blades    | 1 |  1.1
Axes           | 1 |  1.1
Maces & Flails | 1 |  1.1
Polearms       | 1 |  1.1
Staves         | 1 |  1.1
Slings         | 1 |  1.1
Bows           | 1 |  1.1
Crossbows      | 1 |  1.1
Armour         | 1 |  1.1
Dodging        | 1 |  1.1
Shields        | 1 |  1.1
Unarmed Combat | 1 |  1.1
Spellcasting   | 1 |  1.1
Evocations     | 1 |  1.1
Fighting       | |  6.6
Short Blades   | |  4.6
Throwing       | |  2.7
Stealth        | |  2.5
Conjurations   | |  0.8
Hexes          | |  0.8
Charms         | |  0.8
Summonings     | |  0.8
Necromancy     | |  0.8
Translocations | |  0.8
Transmutations | |  0.8
Fire Magic     | |  0.8
Ice Magic      | |  3.8
Air Magic      | |  0.8
Earth Magic    | |  0.8

Action                   |  1- 3 |  4- 6 || total
-------------------------+-------+-------++-------
Melee: Short sword       |    83 |    35 ||   118
       Bite              |     8 |     2 ||    10
 Stab: Sleeping          |    10 |     2 ||    12
  Eat: Chunk             |     3 |     2 ||     5
Armor: Robe              |    13 |     5 ||    18
Dodge: Dodged            |    41 |    18 ||    59
